 Dungeon Crawl Stone Soup version 0.30-a0-718-geaa24f58ff (webtiles) character file.

Game seed: 12379921685596227837

11448 bmack86 the Cleaver (level 11, -1/97 HPs)
             Began as a Minotaur Fighter on Jan 25, 2023.
             Was a High Priest of Okawaru.
             Slain by a troll (6 damage)
             ... on level 11 of the Dungeon on Jan 26, 2023.
             The game lasted 00:25:18 (9665 turns).

bmack86 the Cleaver (Minotaur Fighter)              Turns: 9665, Time: 00:25:19

Health: -1/97      AC: 21    Str: 25    XL:     11   Next: 49%
Magic:  15/15      EV:  7    Int:  2    God:    Okawaru [*****.]
Gold:   374        SH: 11    Dex: 14    Spells: 10/10 levels left

rFire   + . .      SeeInvis .    E - +6 broad axe (freeze)
rCold   . . .      Faith    .    c - +0 buckler
rNeg    . . .      Spirit   .    m - +0 plate armour
rPois   +          Reflect  +    (helmet restricted)
rElec   .          Harm     .    h - +2 cloak
rCorr   .          Rampage  .    D - +2 pair of gloves {hurl}
Will    .....                    (no boots) Stlth
                                 C - amulet of Stoicism {Reflect rF+ Int-3 Dex+4 SH+5}
HPRegen 0.36/turn                n - ring of poison resistance
MPRegen 0.14/turn                b - ring of flight

@: flying, studying Throwing
A: horns 2, retaliatory headbutt
a: Renounce Religion, Heroism, Finesse, Duel


You were on level 11 of the Dungeon.
You worshipped Okawaru.
Okawaru was extremely pleased with you.
You visited 1 branch of the dungeon, and saw 11 of its levels.
You also visited: Ossuary.

You collected 685 gold pieces.
You spent 311 gold pieces at shops.

Inventory:

Hand Weapons
 a - a +2 war axe of freezing
 e - a +3 hand axe of freezing
 E - a +6 broad axe of freezing (weapon)
Missiles
 g - 4 boomerangs (quivered)
 F - a datura-tipped dart
 M - a throwing net
 O - a silver javelin
Armour
 c - a +0 buckler (worn)
 h - a +2 cloak (worn)
 i - a +0 chain mail
 m - a +0 plate armour (worn)
 D - a +2 pair of gloves of hurling (worn)
Jewellery
 b - a ring of flight (right hand)
 k - a ring of protection from cold
 l - a ring of see invisible
 n - a ring of poison resistance (left hand)
 q - a ring of resist corrosion
 r - an amulet of reflection
 y - a ring of protection from cold
 C - the amulet of Stoicism (around neck) {Reflect rF+ Int-3 Dex+4 SH+5}
   (You found it on level 6 of the Dungeon)

   [amulet of reflection]

   It reflects blocked missile attacks.
   Int:       It affects your intelligence (-3).
   Dex:       It affects your dexterity (+4).
   rF:        It protects you from fire.
   SH:        It affects your SH (+5).
 H - an amulet of regeneration
 L - a ring of magical power
Wands
 o - a wand of iceblast (2)
 s - a wand of acid (7)
 K - a wand of flame (27)
Scrolls
 t - 4 scrolls of teleportation
 u - a scroll of silence
 v - 3 scrolls of fog
 A - a scroll of amnesia
 B - a scroll of immolation
 I - 2 scrolls of magic mapping
 J - a scroll of identify
Potions
 d - 2 potions of might
 f - 6 potions of curing
 j - a potion of magic
 p - a potion of mutation
 w - a potion of flight
 x - 3 potions of heal wounds
 z - 2 potions of lignification
 G - a potion of cancellation {unknown}
 N - 2 potions of brilliance {unknown}


   Skills:
 + Level 9.2 Fighting
 * Level 12.0 Axes
 + Level 7.0 Throwing
 + Level 9.2 Armour
 + Level 9.2 Shields
 + Level 6.7 Invocations


You had 10 spell levels left.
You didn't know any spells.
Your spell library contained the following spells:

 Spells                   Type           Power      Damage    Failure   Level
 Sandblast                Erth           0%         2d4       100%        1
 Cigotuvi's Dreadful Rot  Necr/Pois/Air  0%         N/A       100%        2
 Ensorcelled Hibernation  Hex/Ice        0%         N/A       100%        2
 Passwall                 Tmut/Erth      0%         N/A       100%        2
 Poisonous Vapours        Pois/Air       0%         N/A       100%        2
 Hailstorm                Conj/Ice       0%         3d3       100%        3
 Ignite Poison            Fire/Tmut/Pois 0%         N/A       100%        3
 Kindle Blastsparks       Fire/Tloc/Air  0%         2d10      100%        3
 Mephitic Cloud           Conj/Pois/Air  0%         N/A       100%        3
 Ozocubu's Armour         Ice            0%         N/A       100%        3
 Spider Form              Tmut/Pois      0%         N/A       100%        3
 Stone Arrow              Conj/Erth      0%         3d7       100%        3
 Anguish                  Hex/Necr       0%         N/A       100%        4
 Ice Form                 Ice/Tmut       0%         N/A       100%        4
 Olgreb's Toxic Radiance  Pois           0%         N/A       100%        4
 Passage of Golubria      Tloc           0%         N/A       100%        4
 Freezing Cloud           Conj/Ice/Air   0%         6-21      100%        5
 Metabolic Englaciation   Hex/Ice        0%         N/A       100%        5
 Silence                  Hex/Air        0%         N/A       100%        5
 Ozocubu's Refrigeration  Ice            0%         4d7       100%        7
 Ignition                 Fire           0%         3d3       100%        8
 Lehudib's Crystal Spear  Conj/Erth      0%         10d2      100%        8
 Simulacrum               Ice/Necr       Unusable   N/A       N/A         6

Dungeon Overview and Level Annotations

Branches:
Dungeon (11/15)            Temple (0/1) D:7            Lair (0/5) D:11
    Orc (0/2) D:10        Ossuary (visited)

Altars:
Ashenzari
Cheibriados
Dithmenos
Elyvilon
Kikubaaqudgha
Okawaru
Uskayaw
The Shining One

Shops:
D:4 ?*!(   D:7 :   D:8 *   D:9 :


Innate Abilities, Weirdness & Mutations

You have a pair of horns on your head.
You reflexively headbutt those who attack you in melee.


Message History

You slice the water elemental!! You freeze the water elemental.
You destroy the water elemental!
Okawaru accepts your kill.
You slash the electric eel! You freeze the electric eel.
You kill the electric eel!
Okawaru accepts your kill.
The electric eel shoots out a bolt of lightning at you!
The bolt of electricity hits you.
The electric eel shoots out a bolt of lightning at you!
The bolt of electricity hits you!
A troll comes into view.
The troll shouts!
The electric eel shoots out a bolt of lightning at you!
The bolt of electricity hits you.
Found a scroll of teleportation.
The electric eel shoots out a bolt of lightning at you!
The bolt of electricity hits you.
The electric eel shoots out a bolt of lightning at you!
The bolt of electricity hits you.
The electric eel shoots out a bolt of lightning at you!
The bolt of electricity hits you.
The electric eel shoots out a bolt of lightning at you!
The bolt of electricity hits you.
You closely miss the electric eel.
The electric eel shoots out a bolt of lightning at you!
The bolt of electricity hits you.
The electric eel shoots out a bolt of lightning at you!
The bolt of electricity hits you!
* * * LOW HITPOINT WARNING * * *
The electric eel shoots out a bolt of lightning at you!
The bolt of electricity hits you!
* * * LOW HITPOINT WARNING * * *
The troll bites you.
* * * LOW HITPOINT WARNING * * *
You block the troll's attack. The troll claws you.
* * * LOW HITPOINT WARNING * * *
The troll bites you.
* * * LOW HITPOINT WARNING * * *
The troll claws you.
You die...

################.
#...........~....
#....~......~~.~.
#....~≈~..~~≈~≈~.
....~~~~~~≈~≈~≈≈~
#..~~~≈≈≈≈~≈?.~~~
#.....~≈≈~...~..≈≈~...
#...~~≈~S~~....~~≈.~~..#
#......@T....>..≈~≈~...#
#..~~≈~~~~.....~≈≈~.~~.#
#..~≈≈≈~≈~~≈≈~~.~≈~~....
#...~≈≈~.~~≈≈≈≈~~≈~.~..#
#...≈≈~.~~~≈≈≈≈≈~~~~...#
#..~~~..≈~~≈≈≈≈≈~...~...
...~.~....≈≈≈≈≈≈~.......
#..........~≈≈≈≈≈.......
.######<###.######.###


You could see a troll and an electric eel.

Vanquished Creatures
  5 two-headed ogres
  An unseen horror (D:10)
  2 hornets
  16 yaks
  A wraith (D:9)
  2 water elementals (D:11)
  A human (D:10)
  A basilisk (D:10)
  2 vampire mosquitoes (D:11)
  A warg (D:10)
  An acid dragon (D:9)
  2 orc warriors
  An ice beast (D:7)
  2 black bears (D:6)
  2 ogres (D:5)
  2 wolves (D:11)
  3 centaurs
  3 kobold brigands
  2 phantoms
  3 elf zombies (Ossuary)
  2 bullfrogs (D:8)
  2 scorpions
  17 wights
  3 killer bees (D:10)
  3 howler monkeys (D:9)
  2 electric eels (D:11)
  8 centaur zombies (Ossuary)
  5 orc priests
  8 hounds
  A jelly (D:7)
  2 gnoll boudas
  A human zombie (Ossuary)
  4 iguanas
  9 orc wizards
  3 mummies (Ossuary)
  9 gnolls
  6 adders
  A shadow imp (D:7)
  A white imp (D:6)
  An ufetubus (D:5)
  A dart slug (D:1)
  36 orcs
  7 ball pythons
  2 endoplasms
  8 giant cockroaches
  2 goblins
  8 hobgoblins
  8 jackals
  2 quokkas
  5 bats
  4 frilled lizards
  23 kobolds
  5 rats
252 creatures vanquished.

Vanquished Creatures (others)
  A goblin (D:10)
  A kobold (D:9)
  5 plants (D:4)
7 creatures vanquished.

Grand Total: 259 creatures vanquished

Notes
Turn   | Place    | Note
-------+----------+-------------------------------------------
     0 | D:1      | bmack86 the Minotaur Fighter began the quest for the Orb.
     0 | D:1      | Reached XP level 1. HP: 19/19 MP: 0/0
   312 | D:1      | Reached XP level 2. HP: 27/27 MP: 1/1
   341 | D:1      | Reached skill level 3 in Axes
  1010 | D:2      | Found a snail-covered altar of Cheibriados.
  1282 | D:2      | Reached XP level 3. HP: 33/33 MP: 2/2
  1840 | D:3      | Found an iron altar of Okawaru.
  1855 | D:3      | Became a worshipper of Warmaster Okawaru
  2191 | D:3      | Found a broken altar of Ashenzari.
  2475 | D:4      | Reached XP level 4. HP: 39/40 MP: 3/3
  2507 | D:4      | Found Qoxes's General Store.
  2526 | D:4      | Bought a scroll of identify for 28 gold pieces
  2526 | D:4      | Bought a scroll of identify for 28 gold pieces
  2569 | D:4      | Found Fisymatt's Distillery.
  2717 | D:4      | Found Nisurr's Magic Scroll Emporium.
  2722 | D:4      | Bought a scroll of magic mapping for 105 gold pieces
  2812 | D:4      | Reached skill level 4 in Axes
  2812 | D:4      | Reached skill level 1 in Throwing
  2979 | D:4      | Found Ponwos's Weapon Shoppe.
  3001 | D:4      | Noticed a phantom
  3009 | D:4      | Killed a phantom
  3010 | D:4      | Reached skill level 1 in Invocations
  3010 | D:4      | Reached XP level 5. HP: 44/47 MP: 4/4
  3246 | D:4      | Found a glowing golden altar of the Shining One.
  3288 | D:5      | Entered Level 5 of the Dungeon
  3290 | D:5      | Noticed a centaur
  3295 | D:5      | Killed a centaur
  3295 | D:5      | Reached * piety under Okawaru
  3296 | D:5      | Reached XP level 6. HP: 40/53 MP: 4/6
  3321 | D:5      | Found a sand-covered staircase.
  3336 | Ossuary  | Entered an ossuary
  3403 | Ossuary  | Reached skill level 5 in Axes
  3448 | Ossuary  | Reached skill level 5 in Fighting
  3448 | Ossuary  | Reached skill level 5 in Armour
  3453 | Ossuary  | Reached ** piety under Okawaru
  3454 | Ossuary  | Reached XP level 7. HP: 52/61 MP: 7/7
  3465 | Ossuary  | Reached skill level 5 in Shields
  3519 | Ossuary  | Reached skill level 6 in Axes
  3870 | D:5      | Reached XP level 8. HP: 20/69 MP: 7/9
  4158 | D:5      | Reached *** piety under Okawaru
  4899 | D:6      | Reached skill level 7 in Axes
  5077 | D:6      | Identified the amulet of Stoicism {Reflect rF+ Int-3 Dex+4
                  | SH+5}
  5331 | D:6      | You fall into a shaft and drop 3 floors!
  5389 | D:8      | Found Weckol's Assorted Antiques.
  5400 | D:8      | Bought a pair of glowing gloves for 150 gold pieces
  5462 | D:6      | Reached skill level 8 in Axes
  5462 | D:6      | Reached XP level 9. HP: 44/78 MP: 10/10
  5587 | D:6      | Reached **** piety under Okawaru
  5609 | D:6      | Received a gift from Okawaru
  5627 | D:6      | Found a white marble altar of Elyvilon.
  5741 | D:7      | Found a hide-covered altar of Uskayaw.
  5991 | D:7      | Found Qeameade's Book Shoppe.
  6108 | D:7      | Found a staircase to the Ecumenical Temple.
  6261 | D:7      | Reached skill level 9 in Axes
  6471 | D:8      | Noticed a two-headed ogre
  6486 | D:8      | Killed a two-headed ogre
  6487 | D:8      | Reached skill level 5 in Throwing
  6628 | D:8      | Reached skill level 5 in Invocations
  6636 | D:8      | Reached XP level 10. HP: 76/86 MP: 12/12
  7550 | D:9      | Reached skill level 10 in Axes
  7671 | D:9      | Received a gift from Okawaru
  7709 | D:9      | Found Raghepn's Vocational Training.
  7723 | D:9      | Paralysed by a hornet for 3 turns
  8002 | D:9      | Found an ancient bone altar of Kikubaaqudgha.
  8002 | D:9      | Found a shadowy altar of Dithmenos.
  8042 | D:9      | Noticed a two-headed ogre
  8046 | D:9      | Killed a two-headed ogre
  8092 | D:9      | Reached skill level 11 in Axes
  8381 | D:9      | Identified a scroll of acquirement
  8381 | D:9      | Acquired a +2 broad axe of freezing
  8416 | D:10     | Entered Level 10 of the Dungeon
  8593 | D:10     | Reached XP level 11. HP: 73/95 MP: 6/14
  8599 | D:10     | Found a staircase to the Orcish Mines.
  8609 | D:10     | Reached ***** piety under Okawaru
  9059 | D:10     | Noticed a two-headed ogre
  9063 | D:10     | Killed a two-headed ogre
  9063 | D:10     | Received a gift from Okawaru
  9110 | D:10     | Noticed a two-headed ogre
  9115 | D:10     | Killed a two-headed ogre
  9348 | D:11     | Acquired a manual of Throwing
  9360 | D:11     | Found a staircase to the Lair.
  9362 | D:11     | Noticed a two-headed ogre
  9391 | D:11     | Killed a two-headed ogre
  9644 | D:11     | Reached skill level 12 in Axes
  9665 | D:11     | Slain by a troll

Illustrated notes

Levels and vault maps discovered:
D:1:      lemuel_arrival_tunnels, layout_basic
D:2:      layout_loops_corners, basic_altar
D:3:      layout_loops_ring, lemuel_crystal_altar,
          mainiacjoe_overflow_concentric_impassable, kennysheep_generic_room_12
D:4:      layout_loops_ring, marbit_many_paths, serial_shops,
          kennysheep_little_box, shop,
          nicolae_shop_temple_entry_statues_fountains,
          nicolae_inconvenience_store, guppyfry_early_lair_pool
D:5:      layout_basic, nicolae_ossuary_entry_ruins
D:6:      layout_basic, lemuel_coloured_pillars_altar
D:7:      layout_cave_pods, mainiacjoe_overflow_paths, minmay_temple_entry_grid,
          serial_shops, nicolae_shop_hallway_plus
D:8:      layout_gridville, serial_shops, shop_statue
D:9:      layout_cave_pools, gammafunk_temple_overflow_wave,
          nicolae_shop_vocational
D:10:     layout_basic, erik_orc_4
D:11:     layout_loops_ring, erik_lair_island

Skill      XL: |  1  2  3  4  5  6  7  8  9 10 11 |
---------------+----------------------------------+-----
Axes           | 3 4 5 6 8 9 11 12 | 12.0
Fighting       | 4 5 6 7 8 9 |  9.2
Armour         | 4 5 6 7 8 9 |  9.2
Shields        | 4 5 6 7 8 9 |  9.2
Throwing       | 1 2 3 4 5 6 7 |  7.0
Invocations    | 1 2 3 5 6 |  6.7

Action                     |  1- 3 |  4- 6 |  7- 9 | 10-12 || total
---------------------------+-------+-------+-------+-------++-------
  Melee: War axe           |   102 |   114 |   240 |   106 ||   562
         Headbutt          |    11 |    18 |    40 |    34 ||   103
         Broad axe         |       |       |       |    77 ||    77
  Throw: Boomerang         |       |       |       |    42 ||    42
 Invoke: Heroism           |       |       |     4 |     2 ||     6
         Finesse           |       |       |     1 |     1 ||     2
    Use: Scroll            |     4 |     4 |    10 |     9 ||    27
 Armour: Scale mail        |     5 |       |       |       ||     5
         Chain mail        |    57 |   120 |   105 |    51 ||   333
         Plate armour      |       |       |       |    32 ||    32
  Dodge: Dodged            |    53 |    51 |    58 |    64 ||   226
  Block: Buckler           |    35 |    37 |   110 |   116 ||   298
         Reflection        |       |       |     1 |     9 ||    10

Table legend: (Time is in decaauts)
 A = Elapsed time spent in this place.
 B = Non-inter-level travel time spent in this place.
 C = Inter-level travel time spent in this place.
 D = Time resting spent in this place.
 E = Time spent auto-exploring this place.
 F = Levels seen in this place.
 G = Mean time per level.
                   A        B        C        D        E       F      G
               +--------+--------+--------+--------+--------+-----+--------+
         Total |   9766 |   9427 |    339 |    597 |   6210 |  12 |  813.8 |
       Dungeon |   9451 |   9112 |    339 |    597 |   6138 |  11 |  859.2 |
       Ossuary |    314 |    314 |      0 |      0 |     72 |   1 |  314.0 |
               +--------+--------+--------+--------+--------+-----+--------+

Top non-repeatable levels by time:
     D:5: 1303 daAuts
     D:8: 1129 daAuts
     D:1: 1021 daAuts
     D:9: 889 daAuts
     D:4: 845 daAuts
     D:2: 845 daAuts
     D:7: 828 daAuts
    D:10: 826 daAuts
     D:6: 708 daAuts
     D:3: 632 daAuts
    D:11: 418 daAuts
 Ossuary: 314 daAuts
